 Dungeon Crawl Stone Soup version 0.25-a0-890-g62861fb (webtiles) character file.

Game seed: 12863578551736588910, levelgen mode: deterministic

17663 Ceann the Frost Mage (level 12, -6/139 HPs)
             Began as a Gnoll Ice Elementalist on May 6, 2020.
             Was an Elder of Vehumet.
             Mangled by a minotaur (20 damage)
             ... in a Gauntlet.
             The game lasted 00:53:31 (14150 turns).

Ceann the Frost Mage (Gnoll Ice Elementalist)      Turns: 14150, Time: 00:53:32

Health: -6/139     AC: 15    Str: 18      XL:     12   Next: 50%
Magic:  17/24      EV: 17    Int: 24 (26) God:    Vehumet [****..]
Gold:   462        SH:  8    Dex: 14      Spells: 13/28 levels left

rFire    . . .     SeeInvis +   W - +3 flail of Battle {flame, rElec rC+}
rCold    + . .     Gourm    .   e - +2 buckler {AC+3}
rNeg     . . .     Faith    .   y - +1 robe "Iniklauj" {+Fly Int+5}
rPois    .         Spirit   .   P - +0 hat {MR+}
rElec    +         Reflect  .   g - scarf {cloud immunity}
rCorr    .         Harm     .   E - +0 pair of gloves
MR       +....     NoTele   +   m - +1 pair of boots
Stlth    ..........             H - amulet of rage
HPRegen  0.33/turn              u - ring of wizardry
MPRegen  0.19/turn              S - ring "Afuemof" {AC+4 Str+9 Dex-3 SInv}

@: mighty, berserking, stab, hasted, very quick
A: distributed training, fangs 1, rugged brown scales 1, weak 1, MP-powered
wands, strong nose
a: Renounce Religion, Evoke Berserk Rage, Evoke Flight


You were in a Gauntlet.
You worshipped Vehumet.
Vehumet was greatly pleased with you.
You were not hungry.

You visited 3 branches of the dungeon, and saw 16 of its levels.
You also visited: Gauntlet.

You collected 717 gold pieces.
You spent 255 gold pieces at shops.

Inventory:

Hand Weapons
 W - the +3 flail of Battle (weapon) {flame, rElec rC+}
   (You took it off an orc warrior on level 9 of the Dungeon)

   It has been specially enchanted to burn those struck by it, causing extra
   injury to most foes and up to half again as much damage against particularly
   susceptible opponents.
   It protects you from cold.
   It insulates you from electricity.
 Y - the +5 flail "Roush" {vorpal, +Fly Int+3}
   (You found it on level 10 of the Dungeon)

   It inflicts extra damage upon your enemies.
   It affects your intelligence (+3).
   It lets you fly.
Missiles
 M - 3 throwing nets (quivered)
Armour
 e - a +2 buckler of protection (worn)
 g - a scarf of cloud immunity (worn)
 m - a +1 pair of boots (worn)
 q - the +1 leather armour of an ossuary {rElec rN++ Int-5}
   (You found it on level 1 of the Lair of Beasts)

   It affects your intelligence (-5).
   It insulates you from electricity.
   It greatly protects you from negative energy.
 y - the +1 robe "Iniklauj" (worn) {+Fly Int+5}
   (You found it on level 4 of the Dungeon)

   It affects your intelligence (+5).
   It lets you fly.
 E - a +0 pair of gloves (worn)
 J - the +0 pair of boots of the Barracuda {*Slow rF+ rCorr Str+2}
   (You found it in a Gauntlet)

   It affects your strength (+2).
   It protects you from fire.
   It provides partial protection from all sources of acid and corrosion.
   It may slow you when you take damage.
 P - a +0 hat of magic resistance (worn)
Magical Staves
 z - an uncursed staff of conjuration
Jewellery
 u - a ring of wizardry (left hand)
 v - a cursed ring of attention {unknown}
 H - an amulet of rage (around neck)
 K - an uncursed ring of protection from magic
 L - an uncursed ring of flight
 Q - a +5 ring of slaying {unknown}
 S - the ring "Afuemof" (right hand) {AC+4 Str+9 Dex-3 SInv}
   (You found it in a Gauntlet)

   [ring of protection]

   It affects your AC (+4).
   It affects your strength (+9).
   It affects your dexterity (-3).
   It lets you see invisible.
Wands
 f - a wand of digging (5)
 n - a wand of random effects (37)
 s - a wand of flame (57)
 C - a wand of scattershot (6)
 F - a wand of polymorph (9)
 N - a wand of paralysis (15)
 O - a wand of enslavement (9)
 U - a wand of clouds (8)
Scrolls
 d - 2 scrolls of teleportation
 o - 6 scrolls of remove curse
 p - 2 scrolls of identify
 r - a scroll of enchant armour
 x - 4 scrolls of immolation
 A - 5 scrolls of enchant weapon
 G - 2 scrolls of fog
Potions
 a - 2 potions of flight
 b - 3 potions of cancellation
 h - 2 potions of brilliance
 i - a potion of ambrosia
 j - a potion of heal wounds
 k - 2 potions of berserk rage
 l - a potion of haste
 w - 3 potions of curing
 B - a potion of stabbing
 D - 2 potions of mutation
 R - 3 potions of magic
 T - a potion of resistance
Comestibles
 c - 29 rations


   Skills:
 + Level 7.2 Fighting
 + Level 7.2 Short Blades
 + Level 7.2 Long Blades
 + Level 7.2 Axes
 + Level 7.2 Maces & Flails
 + Level 7.2 Polearms
 + Level 7.2 Staves
 + Level 7.2 Slings
 + Level 7.2 Bows
 + Level 7.2 Crossbows
 + Level 7.2 Throwing
 + Level 7.2 Armour
 + Level 8.6 Dodging
 + Level 8.4 Stealth
 + Level 7.2 Shields
 + Level 7.2 Unarmed Combat
 + Level 8.9 Spellcasting
 + Level 6.0 Conjurations
 + Level 6.0 Hexes
 + Level 6.0 Charms
 + Level 6.0 Summonings
 + Level 6.0 Necromancy
 + Level 6.0 Translocations
 + Level 6.0 Transmutations
 + Level 6.0 Fire Magic
 + Level 9.4 Ice Magic
 + Level 6.0 Air Magic
 + Level 6.0 Earth Magic
 + Level 6.0 Poison Magic
 + Level 7.9 Invocations
 + Level 7.2 Evocations


You had 13 spell levels left.
You knew the following spells:

 Your Spells              Type           Power        Failure   Level  Hunger
a - Freeze                Ice            ####         1%          1    None
b - Summon Lightning Spi  Summ/Air       #####...     1%          4    ##.....
c - Ignite Poison         Fire/Tmut/Pois #####...     1%          3    None
e - Frozen Ramparts       Ice            ######       1%          3    None
o - Summon Ice Beast      Ice/Summ       #####...     1%          4    ##.....

Your spell library contained the following spells:

 Spells                   Type           Power        Failure   Level  Hunger
 Conjure Flame            Conj/Fire      #####...     1%          3    None
 Apportation              Tloc           #####.       1%          1    None
 Summon Butterflies       Summ           #####...     1%          1    None
 Summon Small Mammal      Summ           ####         1%          1    None
 Call Imp                 Summ           #####...     1%          2    None
 Call Canine Familiar     Summ           #####...     1%          3    None
 Lesser Beckoning         Tloc           #####.....   1%          3    None
 Ozocubu's Armour         Chrm/Ice       #####...     1%          3    None
 Summon Guardian Golem    Hex/Summ       #####...     1%          3    None
 Tukima's Dance           Hex            #####...     1%          3    None
 Hailstorm                Conj/Ice       #####...     1%          4    ##.....
 Alistair's Intoxication  Tmut/Pois      #####...     6%          5    ####...
 Invisibility             Hex            #####...     28%         6    ######.


Dungeon Overview and Level Annotations

Branches:
Dungeon (12/15)            Temple (1/1) D:6            Lair (3/6) D:11
 Shoals (0/4) Lair:2          Orc (0/2) D:11        Gauntlet (1/1)
  Snake: Lair:2-4    Spider: Lair:2-4

Altars:
Cheibriados
Dithmenos
Elyvilon
Fedhas
Gozag
Hepliaklqana
Makhleb
Nemelex Xobeh
Okawaru
Qazlal
Sif Muna
Trog
Uskayaw
Vehumet
Xom
Zin
The Shining One
Beogh

Shops:
D:4 *   D:10 (

Annotations:
D:11 2 runed translucent doors Gauntlet 8 transporters


Innate Abilities, Weirdness & Mutations

Your experience applies equally to all skills.
You have very sharp teeth.
Your uncanny sense of smell can sniff out nearby items.
You are partially covered in rugged brown scales. (AC +1, +3% HP)
You are weak. (Str -2)
You expend magic power (3 MP) to strengthen your wands.


Message History

The minotaur furiously retaliates!
The minotaur headbutts your ice beast!
Unknown command.
You barely miss the minotaur.
The minotaur furiously retaliates!
The minotaur headbutts you.
* * * LOW HITPOINT WARNING * * *
The minotaur blocks your ice beast's attack.
You block the minotaur's attack. The minotaur closely misses you.
The minotaur blocks your ice beast's attack.
The minotaur blocks your attack.
Your ice beast hits the minotaur but does no damage.
The minotaur hits you!!
* * * LOW HITPOINT WARNING * * *
The minotaur misses you.
Unknown command.
You hit the minotaur but do no damage.
Your ice beast hits the minotaur but does no damage.
The minotaur blocks your attack.
Your bite misses the minotaur.
Your ice beast hits the minotaur but does no damage.
The minotaur hits you!!
You die...

.^##.##^.#...#.##.##.#.#....#
.........#...#.........#..###
##########...###########..#8#
.....#©#.......#©#........###
.....#.#..≈∩≈..#.#.......≈#
######.#########.##########
..............≈# #8#
8.8.8.8.8.8.8.8# ###
.........YY@..≈#
##.###.###H##### H# #. #. .
.. .## #. . '#


You could see a minotaur and 2 friendly ice beasts.

Vanquished Creatures
  A hydra (D:11)
  A centaur warrior (D:11)
  2 two-headed ogres
  Nergalle (Lair:1)
  A glowing orange brain (Gauntlet)
  3 ugly things
  A salamander (shapeshifter) (D:11)
  A centaur zombie (D:11)
  2 black mambas (Lair:2)
  Maggie (D:7)
  A komodo dragon (Lair:2)
  A centaur skeleton (D:11)
  A meliai (D:12)
  Grinder (D:3)
  2 hornets
  2 hippogriffs
  Sigmund (D:2)
  A wyvern (D:11)
  A ynoxinul (Gauntlet)
  Eustachio (D:6)
  A vampire mosquito (D:11)
  3 wargs (D:11)
  A water moccasin (D:6)
  An ice beast (D:6)
  6 orc warriors
  A sky beast (D:6)
  A black bear (D:9)
  2 phantoms
  5 centaurs
  3 ogres
  2 necrophages
  A crocodile (Lair:3)
  2 big kobolds (D:10)
  A gnoll sergeant (D:5)
  7 bullfrogs
  A wyvern zombie (D:9)
  A wyvern skeleton (D:9)
  4 scorpions
  An electric eel (D:7)
  A howler monkey (D:9)
  5 crimson imps
  A bullfrog skeleton (D:6)
  6 jellies
  A gnoll shaman (D:10)
  6 orc priests
  2 hounds
  An iron imp (Gauntlet)
  6 orc wizards
  Jessica (D:3)
  Ijyb (D:3)
  6 worker ants
  A hound skeleton (D:5)
  13 adders
  15 gnolls
  5 shadow imps
  An ooze (D:2)
  An adder zombie (D:9)
  3 worms
  2 adder skeletons
  4 dart slugs
  A leopard gecko (D:1)
  33 orcs
  5 giant cockroaches
  11 goblins
  11 hobgoblins
  12 jackals
  17 kobolds
  5 quokkas
  A ball python (D:3)
  9 bats
  4 frilled lizards
  A leopard gecko skeleton (D:5)
  6 rats
268 creatures vanquished.

Vanquished Creatures (collateral kills)
  Harold (D:7)
  2 hydras
  A death knight (D:12)
  The ghost of rogsnak the Destroyer, a novice DsFE of Kikubaaqudgha (D:9)
  3 spiny frogs
  A freezing wraith (D:12)
  2 meliai (D:12)
  A hornet (D:7)
  3 hippogriffs
  2 wyverns
  A wraith (D:12)
  A hungry ghost (D:8)
  Edmund (D:4)
  3 swamp worms (Gauntlet)
  4 porcupines
  3 orc warriors
  5 necrophages
  A centaur (D:4)
  6 crocodiles
  4 bullfrogs
  3 killer bees (D:11)
  2 electric eels (D:7)
  Crazy Yiuf (D:6)
  3 orc wizards
  3 orc priests
  An iron imp (Gauntlet)
  2 worker ants
  A leopard gecko (D:7)
  6 orcs
68 creatures vanquished.

Vanquished Creatures (others)
  A quokka (D:7)
  4 fungi (Gauntlet)
  11 plants (Gauntlet)
  11 withered plants (Gauntlet)
27 creatures vanquished.

Grand Total: 363 creatures vanquished

Notes
Turn   | Place    | Note
-------+----------+-------------------------------------------
     0 | D:1      | Ceann the Gnoll Ice Elementalist began the quest for the
                  | Orb.
     0 | D:1      | Reached XP level 1. HP: 13/13 MP: 6/6
    72 | D:1      | Reached XP level 2. HP: 19/19 MP: 4/7
   290 | D:1      | Reached XP level 3. HP: 25/25 MP: 2/9
   295 | D:1      | Learned a level 3 spell: Frozen Ramparts
   375 | D:1      | Reached skill level 5 in Spellcasting
   543 | D:2      | Reached skill level 1 in Invocations
   546 | D:2      | Reached skill level 1 in Fighting
   546 | D:2      | Reached skill level 1 in Short Blades
   546 | D:2      | Reached skill level 1 in Long Blades
   546 | D:2      | Reached skill level 1 in Axes
   546 | D:2      | Reached skill level 1 in Maces & Flails
   546 | D:2      | Reached skill level 1 in Polearms
   546 | D:2      | Reached skill level 1 in Staves
   546 | D:2      | Reached skill level 1 in Slings
   546 | D:2      | Reached skill level 1 in Bows
   546 | D:2      | Reached skill level 1 in Crossbows
   546 | D:2      | Reached skill level 1 in Throwing
   546 | D:2      | Reached skill level 1 in Armour
   546 | D:2      | Reached skill level 1 in Shields
   546 | D:2      | Reached skill level 1 in Unarmed Combat
   546 | D:2      | Reached skill level 1 in Evocations
   546 | D:2      | Reached XP level 4. HP: 29/32 MP: 4/11
   674 | D:2      | Found a blossoming altar of Fedhas.
   691 | D:2      | Noticed Sigmund
   708 | D:2      | Killed Sigmund
   708 | D:2      | Reached skill level 1 in Conjurations
   708 | D:2      | Reached skill level 1 in Hexes
   708 | D:2      | Reached skill level 1 in Charms
   708 | D:2      | Reached skill level 1 in Summonings
   708 | D:2      | Reached skill level 1 in Necromancy
   708 | D:2      | Reached skill level 1 in Translocations
   708 | D:2      | Reached skill level 1 in Transmutations
   708 | D:2      | Reached skill level 1 in Fire Magic
   708 | D:2      | Reached skill level 1 in Air Magic
   708 | D:2      | Reached skill level 1 in Earth Magic
   708 | D:2      | Reached skill level 1 in Poison Magic
   708 | D:2      | Reached XP level 5. HP: 31/38 MP: 4/12
   708 | D:2      | Reached XP level 6. HP: 36/44 MP: 4/13
   813 | D:2      | Learned a level 4 spell: Summon Ice Beast
   955 | D:2      | Reached skill level 5 in Dodging
  1128 | D:3      | Found a sparkling altar of Nemelex Xobeh.
  1205 | D:3      | Found a hazy altar of Hepliaklqana.
  1373 | D:3      | Noticed Jessica
  1379 | D:3      | Killed Jessica
  1464 | D:3      | Noticed Grinder
  1562 | D:3      | Paralysed by Grinder for 5 turns
  1584 | D:3      | Paralysed by Grinder for 3 turns
  1589 | D:3      | Paralysed by Grinder for 2 turns
  1774 | D:3      | Paralysed by Grinder for 7 turns
  1785 | D:3      | Paralysed by Grinder for 4 turns
  1793 | D:3      | Paralysed by Grinder for 3 turns
  1803 | D:3      | Killed Grinder
  1803 | D:3      | Reached XP level 7. HP: 45/51 MP: 0/15
  2093 | D:3      | Noticed Ijyb
  2101 | D:3      | Killed Ijyb
  2201 | D:4      | Found Cusheewk's Assorted Antiques.
  2215 | D:4      | Bought a glowing copper ring for 85 gold pieces
  2260 | D:4      | Noticed Edmund
  2265 | D:4      | Got a dazzling rapier
  2266 | D:4      | Identified the +5 rapier "Loxa" {vorpal, Dex+7} (You found
                  | it on level 4 of the Dungeon)
  2286 | D:4      | Reached skill level 5 in Stealth
  2291 | D:4      | Killed Edmund
  2477 | D:4      | Reached XP level 8. HP: 49/57 MP: 16/16
  2726 | D:4      | Found a shimmering altar of Xom.
  2726 | D:4      | Found a shimmering altar of Xom.
  2727 | D:4      | Found a shimmering altar of Xom.
  2727 | D:4      | Found a shimmering altar of Xom.
  2740 | D:4      | Found a shimmering altar of Xom.
  2841 | D:4      | Got a fine robe
  2857 | D:4      | Identified the cursed +1 robe "Iniklauj" {+Fly Int+5} (You
                  | found it on level 4 of the Dungeon)
  3274 | D:5      | Entered Level 5 of the Dungeon
  3977 | D:6      | Noticed Eustachio
  3978 | D:6      | Killed Eustachio
  3994 | D:6      | Reached XP level 9. HP: 55/65 MP: 8/18
  4264 | D:6      | Reached skill level 8 in Ice Magic
  4319 | D:6      | Found a staircase to the Ecumenical Temple.
  4330 | Temple   | Entered the Ecumenical Temple
  4438 | Temple   | Became a worshipper of Vehumet
  4602 | D:6      | Found a runed translucent door.
  4603 | D:6      | Noticed Crazy Yiuf
  4790 | D:6      | Killed Crazy Yiuf
  4951 | D:6      | Found a glowing golden altar of the Shining One.
  4952 | D:6      | Found a glowing silver altar of Zin.
  5166 | D:4      | Bought a coral ring for 85 gold pieces
  5166 | D:4      | Bought a notched bronze ring for 85 gold pieces
  5458 | D:7      | Noticed a hornet
  5462 | D:7      | Killed a hornet
  5917 | D:7      | Noticed Harold
  5939 | D:7      | Killed Harold
  5939 | D:7      | Reached skill level 5 in Invocations
  6200 | D:7      | Noticed Maggie
  6214 | D:7      | Killed Maggie
  6214 | D:7      | Reached XP level 10. HP: 47/73 MP: 6/20
  6699 | D:8      | Found an iron altar of Okawaru.
  6859 | D:8      | Reached skill level 5 in Fighting
  6859 | D:8      | Reached skill level 5 in Short Blades
  6859 | D:8      | Reached skill level 5 in Long Blades
  6859 | D:8      | Reached skill level 5 in Axes
  6859 | D:8      | Reached skill level 5 in Maces & Flails
  6859 | D:8      | Reached skill level 5 in Polearms
  6859 | D:8      | Reached skill level 5 in Staves
  6859 | D:8      | Reached skill level 5 in Slings
  6859 | D:8      | Reached skill level 5 in Bows
  6859 | D:8      | Reached skill level 5 in Crossbows
  6859 | D:8      | Reached skill level 5 in Throwing
  6859 | D:8      | Reached skill level 5 in Armour
  6859 | D:8      | Reached skill level 5 in Shields
  6859 | D:8      | Reached skill level 5 in Unarmed Combat
  6859 | D:8      | Reached skill level 5 in Evocations
  7527 | D:9      | Found a shadowy altar of Dithmenos.
  7527 | D:9      | Found a burning altar of Makhleb.
  7664 | D:9      | Reached * piety under Vehumet
  7664 | D:9      | Offered knowledge of Shock by Vehumet.
  7916 | D:9      | Found a runed translucent gate.
  7917 | D:9      | Found a runed translucent gate.
  7918 | D:9      | Found a runed translucent gate.
  7920 | D:9      | Noticed rogsnak's ghost (novice DsFE)
  7920 | D:9      | Identified the +3 flail of Battle {flame, rElec rC+}
  7920 | D:9      | Identified the +0 chain mail "Lyliwuj" {rN+ Str+2}
  7926 | D:9      | Found a roughly hewn altar of Beogh.
  7937 | D:9      | Killed rogsnak's ghost
  8264 | D:9      | Found a snail-covered altar of Cheibriados.
  8279 | D:9      | Reached ** piety under Vehumet
  8279 | D:9      | Offered knowledge of Sandblast by Vehumet.
  8323 | D:10     | Entered Level 10 of the Dungeon
  8362 | D:10     | Noticed a two-headed ogre
  8381 | D:10     | Killed a two-headed ogre
  8381 | D:10     | Reached XP level 11. HP: 81/81 MP: 20/22
  8551 | D:10     | Found Dymepoc's Weapon Emporium.
  8558 | D:10     | Got a twisted flail
  8563 | D:10     | Identified the +5 flail "Roush" {vorpal, +Fly Int+3} (You
                  | found it on level 10 of the Dungeon)
  8973 | D:10     | Learned a level 4 spell: Summon Lightning Spire
  9140 | D:11     | Offered knowledge of Ignite Poison by Vehumet.
  9158 | D:11     | Learned a level 3 spell: Ignite Poison
  9197 | D:11     | Found a large runed translucent door.
  9197 | D:11     | Found a large runed translucent door.
  9201 | D:11     | Noticed a salamander
  9217 | D:11     | Found a large runed translucent door.
  9217 | D:11     | Found a large runed translucent door.
  9219 | D:11     | Killed a salamander
  9219 | D:11     | Reached skill level 5 in Conjurations
  9219 | D:11     | Reached skill level 5 in Hexes
  9219 | D:11     | Reached skill level 5 in Charms
  9219 | D:11     | Reached skill level 5 in Summonings
  9219 | D:11     | Reached skill level 5 in Necromancy
  9219 | D:11     | Reached skill level 5 in Translocations
  9219 | D:11     | Reached skill level 5 in Transmutations
  9219 | D:11     | Reached skill level 5 in Fire Magic
  9219 | D:11     | Reached skill level 5 in Air Magic
  9219 | D:11     | Reached skill level 5 in Earth Magic
  9219 | D:11     | Reached skill level 5 in Poison Magic
  9276 | D:11     | Noticed a brown ugly thing
  9290 | D:11     | Killed a brown ugly thing
  9307 | D:11     | Noticed a four-headed hydra
  9318 | D:11     | Killed a four-headed hydra
  9344 | D:11     | Found a staircase to the Orcish Mines.
  9391 | D:11     | Found a staircase to the Lair.
  9439 | D:11     | Reached *** piety under Vehumet
  9443 | D:11     | Noticed a two-headed ogre
  9453 | D:11     | Noticed an eight-headed hydra
  9456 | D:11     | Killed a two-headed ogre
  9627 | D:11     | Killed an eight-headed hydra
  9627 | D:11     | Reached skill level 9 in Ice Magic
  9658 | D:11     | Got a steaming spear
  9659 | D:11     | Identified the +7 spear "Dosel" {freeze, *Noise +Blink
                  | Int+3} (You found it on level 11 of the Dungeon)
  9947 | D:11     | Noticed a centaur warrior
  9964 | D:11     | Killed a centaur warrior
 10622 | D:12     | Offered knowledge of Conjure Flame by Vehumet.
 10661 | D:12     | Noticed a death knight
 10830 | D:12     | Killed a death knight
 10830 | D:12     | Reached XP level 12. HP: 8/89 MP: 9/24
 11450 | Lair:1   | Entered Level 1 of the Lair of Beasts
 11725 | Lair:1   | Got an encrusted leather armour
 11726 | Lair:1   | Identified the +1 leather armour of an ossuary {rElec rN++
                  | Int-5} (You found it on level 1 of the Lair of Beasts)
 11728 | Lair:1   | Noticed Nergalle
 11740 | Lair:1   | Killed Nergalle
 11833 | Lair:2   | Found a staircase to the Shoals.
 13350 | Lair:3   | Noticed a seven-headed hydra
 13369 | Lair:3   | Killed a seven-headed hydra
 13443 | Lair:3   | Found a gate leading to a gauntlet.
 13462 | Gauntlet | Entered a Gauntlet
 13462 | Gauntlet | Found a transporter.
 13462 | Gauntlet | Found a transporter.
 13471 | Gauntlet | Found a transporter.
 13479 | Gauntlet | Found the +2 cloak of the Thief {+Fog Slay-2 SInv Stlth+}
 13482 | Gauntlet | Found a transporter.
 13496 | Gauntlet | Found a transporter.
 13509 | Gauntlet | Found a transporter.
 13524 | Gauntlet | Noticed a ghost crab
 13525 | Gauntlet | Found a transporter.
 13529 | Gauntlet | Identified the ring of Xarych {rC+ rN+ Int+3 Slay-6 Stlth-}
 13529 | Gauntlet | Noticed a minotaur
 13609 | Gauntlet | Found a transporter.
 13624 | Gauntlet | Found a transporter.
 13640 | Gauntlet | Noticed a queen ant
 13641 | Gauntlet | Found a transporter.
 13655 | Gauntlet | Found a transporter.
 13758 | Gauntlet | Found a transporter.
 13800 | Gauntlet | Found a transporter.
 13952 | Gauntlet | Reached **** piety under Vehumet
 13956 | Gauntlet | Got a brightly glowing brass ring
 13961 | Gauntlet | Identified the ring "Afuemof" {AC+4 Str+9 Dex-3 SInv} (You
                  | found it in a Gauntlet)
 14027 | Gauntlet | Found a transporter.
 14061 | Gauntlet | Got a pair of pitted boots
 14072 | Gauntlet | Identified the +0 pair of boots of the Barracuda {*Slow rF+
                  | rCorr Str+2} (You found it in a Gauntlet)
 14139 | Gauntlet | Gained mutation: You are weak. (Str -2) [potion of
                  | mutation]
 14139 | Gauntlet | Gained mutation: You are partially covered in rugged brown
                  | scales. (AC +1, +3% HP) [potion of mutation]
 14139 | Gauntlet | Gained mutation: You expend magic power (3 MP) to
                  | strengthen your wands. [potion of mutation]
 14150 | Gauntlet | Mangled by a minotaur

Levels and vault maps discovered:
D:1:      dpeg_arrival_simpleton_b, layout_rooms
D:2:      layout_basic, fedhas_altar_2, chequers_decorated_corner, uniq_sigmund
D:3:      layout_basic, nicolae_overflow_crystal_walls,
          nicolae_overflow_hidden_temple, first_ration, minmay_checkerbox,
          uniq_ijyb, uniq_grinder, uniq_jessica
D:4:      layout_loops_corners, xom_redecorated, serial_shops,
          nicolae_shop_overgrown_old_shop, uniq_edmund
D:5:      layout_loops_ring, minivault_4
D:6:      layout_loops_ring, lemuel_round_altar,
          minmay_temple_entry_statues_fountains, basic_altar,
          uniq_crazy_yiuf_cottage, uniq_eustachio
D:7:      layout_loops_ring, minivault_14, uniq_maggie, uniq_harold
D:8:      layout_basic, okawaru_trees_1
D:9:      layout_irregular_city, cheibrodos_worm_habitat, minitemple,
          biasface_ghost_orc_armoury, statue_in_the_mist_lemuel
D:10:     layout_rooms, serial_shops, shop, blue_anna_alchemist
          [blue_anna_fruit_fields, blue_anna_fruit_fields],
          minmay_misc_feat_enclosed
D:11:     layout_roguey, lair_entry_dummy, minmay_orc_entry_guard_dogs,
          minmay_hollow_rounded_squares
D:12:     layout_basic
Temple:   nicolae_temple_figure_eight
Lair:1:   layout_big_grid, uniq_nergalle
Lair:2:   layout_cave_pods, shoals_dummy_entry, roderic_carrion_pond,
          grunt_megastairs_3
Lair:3:   layout_regular_city, gauntlet_entry_generic, serial_bayou_pond_b,
          serial_bayou_shore_b, uniq_snorg
Gauntlet: gammafunk_gauntlet_branching [gammafunk_gauntlet_arena_grid,
          gammafunk_gauntlet_arena_arrow_garden,
          gammafunk_gauntlet_arena_hedges, nicolae_gauntlet_swirl,
          nicolae_gauntlet_arena_x, nicolae_gauntlet_arena_flowing_pool,
          nicolae_gauntlet_arena_grate_2,
          gammafunk_gauntlet_arena_split_diamond, gauntlet_exit_watery]

Skill      XL: |  1  2  3  4  5  6  7  8  9 10 11 12 |
---------------+-------------------------------------+-----
Spellcasting   | 5 6 7 8 |  8.9
Invocations    | 1 2 3 4 5 6 7 |  7.9
Fighting       | 1 2 3 4 5 6 7 |  7.2
Short Blades   | 1 2 3 4 5 6 7 |  7.2
Long Blades    | 1 2 3 4 5 6 7 |  7.2
Axes           | 1 2 3 4 5 6 7 |  7.2
Maces & Flails | 1 2 3 4 5 6 7 |  7.2
Polearms       | 1 2 3 4 5 6 7 |  7.2
Staves         | 1 2 3 4 5 6 7 |  7.2
Slings         | 1 2 3 4 5 6 7 |  7.2
Bows           | 1 2 3 4 5 6 7 |  7.2
Crossbows      | 1 2 3 4 5 6 7 |  7.2
Throwing       | 1 2 3 4 5 6 7 |  7.2
Armour         | 1 2 3 4 5 6 7 |  7.2
Shields        | 1 2 3 4 5 6 7 |  7.2
Unarmed Combat | 1 2 3 4 5 6 7 |  7.2
Evocations     | 1 2 3 4 5 6 7 |  7.2
Conjurations   | 1 2 3 4 5 6 |  6.0
Hexes          | 1 2 3 4 5 6 |  6.0
Charms         | 1 2 3 4 5 6 |  6.0
Summonings     | 1 2 3 4 5 6 |  6.0
Necromancy     | 1 2 3 4 5 6 |  6.0
Translocations | 1 2 3 4 5 6 |  6.0
Transmutations | 1 2 3 4 5 6 |  6.0
Fire Magic     | 1 2 3 4 5 6 |  6.0
Air Magic      | 1 2 3 4 5 6 |  6.0
Earth Magic    | 1 2 3 4 5 6 |  6.0
Poison Magic   | 1 2 3 4 5 6 |  6.0
Dodging        | 5 6 7 8 |  8.6
Stealth        | 5 6 7 8 |  8.4
Ice Magic      | 8 9 |  9.4

Action                   |  1- 3 |  4- 6 |  7- 9 | 10-12 || total
-------------------------+-------+-------+-------+-------++-------
Melee: Unarmed           |     1 |       |       |       ||     1
       Dagger            |       |    28 |    16 |       ||    44
       Rapier            |       |       |    68 |    47 ||   115
       Bite              |       |       |     3 |    29 ||    32
       Punch             |       |       |     3 |     5 ||     8
       Flail             |       |       |       |   128 ||   128
 Cast: Freeze            |    31 |     2 |     1 |     7 ||    41
       Frozen Ramparts   |     1 |    27 |    30 |    56 ||   114
       Summon Ice Beast  |       |     3 |    15 |    62 ||    80
       Summon Lightning  |       |       |       |    30 ||    30
Evoke: Wand              |       |       |       |     1 ||     1
  Use: Scroll            |       |     2 |     2 |    24 ||    28
       Potion            |       |     1 |       |    15 ||    16
 Stab: Sleeping          |       |     3 |    12 |     9 ||    24
       Distracted        |       |       |       |     2 ||     2
  Eat: Chunk             |       |     4 |    12 |    25 ||    41
       Ration            |       |       |     1 |     1 ||     2
Armor: Robe              |     6 |     6 |    11 |    50 ||    73
       Skin              |       |    20 |       |       ||    20
Dodge: Dodged            |    23 |    15 |    61 |   215 ||   314
Block: Buckler           |       |       |       |     4 ||     4

Table legend:
 A = Non-vault XP
 B = Vault XP
 C = Vault XP percentage of total XP
 D = Non-vault monster count
 E = Vault monster count
 F = Vault count percentage of total count
                 A         B        C        D         E       F
            +---------+---------+-------+---------+---------+-------
      Total |   14811 |   10423 |  41.3 |     277 |      59 |  17.6
            +---------+---------+-------+---------+---------+-------
        D:1 |      38 |       0 |   0.0 |      21 |       0 |   0.0
        D:2 |     190 |     220 |  53.7 |      36 |       1 |   2.7
        D:3 |      96 |     349 |  78.4 |      24 |       7 |  22.6
        D:4 |     283 |     155 |  35.4 |      12 |       1 |   7.7
        D:5 |     673 |       0 |   0.0 |      23 |       0 |   0.0
        D:6 |    1094 |     226 |  17.1 |      28 |       2 |   6.7
        D:7 |     673 |    1021 |  60.3 |      16 |       2 |  11.1
        D:8 |     933 |       0 |   0.0 |      11 |       0 |   0.0
        D:9 |    1558 |    1296 |  45.4 |      31 |      13 |  29.5
       D:10 |    1556 |     100 |   6.0 |      19 |       1 |   5.0
       D:11 |    2167 |    3776 |  63.5 |      17 |      15 |  46.9
       D:12 |    2046 |       0 |   0.0 |      13 |       0 |   0.0
     Lair:1 |     954 |     610 |  39.0 |      12 |       1 |   7.7
     Lair:2 |    1756 |     678 |  27.9 |      11 |       7 |  38.9
     Lair:3 |     794 |       0 |   0.0 |       3 |       0 |   0.0
   Gauntlet |       0 |    1992 | 100.0 |       0 |       9 | 100.0
            +---------+---------+-------+---------+---------+-------
